 Dungeon Crawl Stone Soup version 0.28-a0-991-g956f0ee3d5 (webtiles) character file.

Game seed: 8749291983449745666

256 Lavandula the Bolt Thrower (level 6, -1/51 HPs)
             Began as a Naga Arcane Marksman on Dec 5, 2021.
             Was a Believer of Makhleb.
             Slain by a goblin (5 damage)
             ... led by Robin
             ... on level 4 of the Dungeon.
             The game lasted 00:04:48 (2560 turns).

Lavandula the Bolt Thrower (Naga Arcane Marksman)   Turns: 2560, Time: 00:04:49

Health: -1/51      AC:  3    Str: 14    XL:     6   Next: 15%
Magic:  7/7        EV: 10    Int: 13    God:    Makhleb [**....]
Gold:   135        SH:  0    Dex: 12    Spells: 3/7 levels left

rFire   . . .      SeeInvis +   a - +0 hand crossbow
rCold   . . .      Faith    .   (no shield)
rNeg    . . .      Spirit   .   d - +0 robe
rPois   +          Reflect  .   (no helmet)
rElec   .          Harm     .   (no cloak)
rCorr   .          Rampage  .   (no gloves)
Will    .....                   (no barding)
Stlth   +.........              (no amulet)
HPRegen 0.00/turn               (no ring)
MPRegen 0.10/turn               (no ring)

@: mighty, short of breath, inhibited regen, very slow
A: AC +2, large, see invisible, deformed body, poison resistance, slowness 2,
spit poison 1, naga tail 1, passive freeze, inhibited regeneration
a: Spit Poison, Renounce Religion, Minor Destruction


You were on level 4 of the Dungeon.
You worshipped Makhleb.
Makhleb was pleased with you.
You visited 1 branch of the dungeon, and saw 4 of its levels.

You collected 135 gold pieces.

Inventory:

Hand Weapons
 a - a +0 hand crossbow (weapon)
 f - a +0 dagger
 g - a +3 flail
 m - a +0 falchion
Missiles
 c - 21 bolts (quivered ammo)
 h - a throwing net
Armour
 d - a +0 robe (worn)
Jewellery
 e - a ring of protection from cold
 k - a ring of wizardry
Scrolls
 b - 2 scrolls of identify {unknown}
 i - a scroll of enchant weapon {unknown}
 j - 4 scrolls of fog {unknown}
 n - a scroll of acquirement {unknown}
Potions
 o - a potion of degeneration {unknown}


   Skills:
 - Level 1.0 Fighting
 + Level 5.7 Crossbows
 - Level 1.5 Dodging
 - Level 1.0 Spellcasting
 - Level 3.0 Hexes


You had 3 spell levels left.
You knew the following spells:

 Your Spells              Type           Power      Damage    Failure   Level
a - Slow                  Hex            32%        N/A       9%          1
b - Inner Flame           Hex/Fire       4%         N/A       41%         3

Your spell library contained the following spells:

 Spells                   Type           Power      Damage    Failure   Level
 Magic Dart               Conj           0%         1d3       28%         1
 Call Imp                 Summ           0%         N/A       38%         2
 Portal Projectile        Hex/Tloc       8%         N/A       41%         3
 Mephitic Cloud           Conj/Pois/Air  0%         N/A       63%         3
 Cause Fear               Hex            4%         N/A       63%         4


Dungeon Overview and Level Annotations

Branches:
Dungeon (4/15)
 Temple: D:4-7

Altars:
Ashenzari
Makhleb

Annotations:
D:4 Robin


Innate Abilities, Weirdness & Mutations

Your serpentine skin is tough. (AC +2)
You have supernaturally acute eyesight. (SInv)
Armour fits poorly on your strangely shaped body.
Your system is resistant to poisons. (rPois)
You cover ground very slowly.
You can spit poison.
You have a snake-like lower body.
A frigid envelope surrounds you and freezes all who hurt you.
You do not regenerate when monsters are visible.


Message History

Robin is severely wounded.
Robin throws the goblin at you! The goblin hits you but does no damage.
Fire: 23 bolts
Press: ? - help, Q - select action, (/) - cycle Shift-Dir - straight line, f/p - goblin
Aim: a goblin, wielding a +0 club (strong, 56% to hit)
You shoot a bolt. The bolt closely misses the goblin.
The bolt barely misses Robin.
The goblin hits you with a +0 dagger. Robin throws the goblin at you!
The goblin barely misses you. The goblin hits you with a +0 club.
A goblin comes into view.
It is wielding a +2 dagger of holy wrath.
Robin throws the goblin at you! The goblin hits you with a +0 dagger.
Unknown command.
Unknown command.
Press: ? - help, Shift-Dir - straight line, f - Robin, p - goblin
Aim: Robin, wielding a +0 falchion, wearing a +0 animal skin, wearing a +0 helmet and carrying a wand of flame (19) (severely wounded)
The splash of poison misses Robin.
The goblin hits you but does no damage. The goblin closely misses you.
The goblin hits you with a +0 dagger.
Robin zaps a wand.
The puff of flame misses you.
The puff of flame hits the goblin!
The goblin dies!
Unknown command.
Fire: 22 bolts
Press: ? - help, Q - select action, (/) - cycle Shift-Dir - straight line, f/p - Robin
Aim: Robin, wielding a +0 falchion, wearing a +0 animal skin, wearing a +0 helmet and carrying a wand of flame (18) (severely wounded, 70% to hit)
You shoot a bolt. The bolt hits Robin but does no damage.
Robin is severely wounded.
The goblin hits you with a +0 club. x3
* * * LOW HITPOINT WARNING * * *
Unknown command.
It was a potion of might.
You feel very mighty all of a sudden. The goblin completely misses you.
The goblin hits you with a +0 club.
* * * LOW HITPOINT WARNING * * *
The goblin hits you with a +0 club.
* * * LOW HITPOINT WARNING * * *
Unknown command.
It was a potion of mutation.
You feel extremely strange.
Your regeneration stops near monsters.
Your skin feels very cold.
The goblin hits you with a +0 club.
You die...

#............... ..
##.....##.........
#.....#..#....# ...
##...###......##...
#### #...#.#.....
###.##....... #.(.#
.....##
#..g##......#
#..)@gg>...(.
##.g##g...... ####
..)#... ..... .
#...... #(#..#
g#.## g. .


You could see Robin and 4 goblins.

Vanquished Creatures
  A hound (D:3)
  Jessica (D:2)
  An orc wizard (D:3)
  Natasha (D:3)
  7 adders
  A worm (D:3)
  4 dart slugs
  6 orcs
  9 endoplasms
  4 giant cockroaches
  8 goblins
  7 hobgoblins
  A kobold (D:3)
  3 quokkas
  4 ball pythons
  4 bats
  3 frilled lizards
  4 rats
69 creatures vanquished.

Vanquished Creatures (others)
  A goblin (D:4)
  2 plants (D:1)
3 creatures vanquished.

Grand Total: 72 creatures vanquished

Notes
Turn   | Place    | Note
-------+----------+-------------------------------------------
     0 | D:1      | Lavandula the Naga Arcane Marksman began the quest for the
                  | Orb.
     0 | D:1      | Reached XP level 1. HP: 18/18 MP: 2/2
   172 | D:1      | Reached skill level 2 in Crossbows
   192 | D:1      | Reached XP level 2. HP: 22/25 MP: 3/3
   318 | D:1      | Found a faded altar of an unknown god.
   406 | D:1      | Prayed at the altar of an unknown god.
   406 | D:1      | Became a worshipper of Makhleb the Destroyer
   406 | D:1      | Reached * piety under Makhleb
   608 | D:1      | Reached skill level 3 in Crossbows
   631 | D:1      | Reached XP level 3. HP: 31/31 MP: 4/4
   656 | D:1      | Learned a level 3 spell: Inner Flame
  1093 | D:2      | Reached ** piety under Makhleb
  1112 | D:2      | Noticed Jessica
  1118 | D:2      | Killed Jessica
  1119 | D:2      | Reached skill level 4 in Crossbows
  1119 | D:2      | Reached XP level 4. HP: 38/38 MP: 5/5
  1650 | D:3      | Reached XP level 5. HP: 41/44 MP: 6/6
  1875 | D:3      | Reached skill level 5 in Crossbows
  1918 | D:3      | Found a broken altar of Ashenzari.
  2219 | D:4      | Noticed Natasha
  2241 | D:3      | Killed Natasha
  2245 | D:3      | Reached XP level 6. HP: 23/51 MP: 7/7
  2544 | D:4      | Noticed Robin
  2560 | D:4      | Gained mutation: You do not regenerate when monsters are
                  | visible. [potion of mutation]
  2560 | D:4      | Gained mutation: A frigid envelope surrounds you and
                  | freezes all who hurt you. [potion of mutation]
  2560 | D:4      | Slain by a goblin

Illustrated notes

Levels and vault maps discovered:
D:1:      roderic_octagonal_star, layout_loops_ring,
          hellmonk_ecumenical_altar_slurped_away, serial_bayou_lagoon_a,
          hangedman_abyss_or_decor_stabs
D:2:      layout_basic, uniq_jessica
D:3:      layout_rooms, marbit_many_paths, roderic_lattice_a
D:4:      layout_cave_pools, nicolae_uskayaw_dance_hall,
          gammafunk_temple_overflow_claw, uniq_natasha, uniq_crazy_yiuf_cottage,
          uniq_robin

Skill      XL: |  1  2  3  4  5 |
---------------+----------------+-----
Crossbows      | 2 3 4 5 |  5.7
Fighting       | |  1.0
Dodging        | |  1.5
Spellcasting   | |  1.0
Hexes          | |  3.0

Action                   |  1- 3 |  4- 6 || total
-------------------------+-------+-------++-------
 Fire: Hand crossbow     |    51 |    77 ||   128
Throw: Throwing net      |       |     1 ||     1
 Abil: Spit Poison       |    15 |    13 ||    28
  Use: Potion            |       |     3 ||     3
Armor: Robe              |       |     9 ||     9
       Skin              |       |    27 ||    27
Dodge: Dodged            |     6 |    23 ||    29

Table legend: (Time is in decaauts)
 A = Elapsed time spent in this place.
 B = Non-inter-level travel time spent in this place.
 C = Inter-level travel time spent in this place.
 D = Time resting spent in this place.
 E = Time spent auto-exploring this place.
 F = Levels seen in this place.
 G = Mean time per level.
                   A        B        C        D        E       F      G
               +--------+--------+--------+--------+--------+-----+--------+
         Total |   3218 |   3077 |    141 |    393 |   2213 |   4 |  804.5 |
       Dungeon |   3218 |   3077 |    141 |    393 |   2213 |   4 |  804.5 |
               +--------+--------+--------+--------+--------+-----+--------+

Top non-repeatable levels by time:
     D:1: 1191 daAuts
     D:3: 1079 daAuts
     D:2: 698 daAuts
     D:4: 248 daAuts
